 Dungeon Crawl Stone Soup version 0.14-a0-1765-g49ce880 (webtiles) character file.

1049 HollowCharge the Skirmisher (level 7, 0/63 HPs)
             Began as a Red Draconian Warper on Jan 5, 2014.
             Was an Initiate of the Shining One.
             Slain by Duvessa
             ... wielding a +1,+2 elven short sword of electrocution
              (13 damage)
             ... on Level 6 of the Dungeon.
             The game lasted 00:37:23 (6344 turns).

HollowCharge the Skirmisher (Red Draconian Warper)  Turns: 6344, Time: 00:37:23

HP   0/63        AC  7     Str 14      XL: 7   Next: 55%
MP  10/12        EV 13     Int 13      God: the Shining One [......]
Gold 267         SH  0     Dex 12      Spells:  4 memorised,  3 levels left

rFire  + . .     SeeInvis .     y - +2,+4 falchion
rCold  . . .     Clarity  .     (armour unavailable)
rNeg   . . .     Conserve .     (no shield)
rPois  .         rCorr    .     o - +1 wizard hat
rElec  .         rRot     .     (no cloak)
SustAb . .       Spirit   .     (no gloves)
rMut   .         Warding  .     (no boots)
Saprov . . .     Stasis   .     (no amulet)
                                (no ring)
                                (no ring)

@: short of breath, slightly resistant to hostile enchantments, unstealthy
A: breathe fire, unfitting armour, fire resistance 1, AC +6
a: Breathe Fire, Renounce Religion


You were on level 6 of the Dungeon.
You worshipped the Shining One. the Shining One was noncommittal.
You were very hungry.

You visited 2 branches of the dungeon, and saw 7 of its levels.

You collected 267 gold pieces.

Inventory:

Hand weapons
 a - a +0,+0 falchion
 i - the +7,+8 short sword of Mandamus {venom, rPois Str+4}
   (You found it on level 4 of the Dungeon)

   It poisons the flesh of those it strikes.
   It affects your strength (+4).
   It protects you from poison.
   The Shining One disapproves of the use of such an item.
 y - a +2,+4 falchion (weapon)
 D - a -1,+2 orcish long sword
Missiles
 e - 15 darts (quivered)
 f - 10 darts of dispersal
Armour
 o - a +1 wizard hat (worn)
Magical devices
 C - a wand of frost (10) {unknown}
Comestibles
 b - 8 strawberries
 g - 4 bread rations
 h - a meat ration
 w - an apple
 F - a chunk of giant gecko flesh
Scrolls
 d - 2 scrolls of blinking
 j - a scroll of recharging {unknown}
 l - 3 scrolls of remove curse
 t - a scroll of curse jewellery {unknown}
 x - a scroll of noise {unknown}
 B - a scroll of fog {unknown}
Jewellery
 k - an uncursed ring of flight {unknown}
 z - an uncursed amulet of stasis
Potions
 m - 2 potions of magic
 n - a potion of restore abilities
 p - a potion of poison {unknown}
 r - a potion of resistance
 s - a potion of mutation {unknown}
 u - 3 potions of berserk rage
 v - a potion of heal wounds {unknown}
 A - a potion of speed {unknown}
Books
 c - a book of Spatial Translocations

   Spells                             Type                      Level
   *Apportation                       Translocation                1
   *Portal Projectile                 Translocation                2
   *Blink                             Translocation                2
   *Shroud of Golubria                Charms/Translocation         2
   Teleport Other                     Translocation                3
   Passage of Golubria                Translocation                4


   Skills:
 * Level 6.2 Fighting
 * Level 5.6 Long Blades
 - Level 0.8 Throwing
 + Level 4.0 Dodging
 - Level 2.0 Spellcasting
 - Level 3.0 Translocations


You had 3 spell levels left.
You knew the following spells:

 Your Spells              Type           Power        Failure   Level  Hunger
a - Apportation           Tloc           #.........   10%         1    ##.....
b - Blink                 Tloc           N/A          12%         2    ###....
c - Shroud of Golubria    Chrm/Tloc      #.........   21%         2    ###....
d - Portal Projectile     Tloc           #.....       12%         2    ###....


Dungeon Overview and Level Annotations

Branches:
Dungeon (6/16)             Temple (1/1) D:6

Altars:
Ashenzari
Cheibriados
Elyvilon
Fedhas
Kikubaaqudgha
Makhleb
Nemelex Xobeh
Sif Muna
Trog
Vehumet
Xom
Yredelemnul
the Shining One

Annotations:
D:6 Dowan, Duvessa


Innate Abilities, Weirdness & Mutations

You can breathe blasts of fire.
Your fiery red scales are hard (AC +6).
Your body does not fit into most forms of armour.
Your cold-blooded metabolism reacts poorly to cold.
Your flesh is heat resistant.


Message History

Dowan mumbles some strange words.
Dowan blinks!
Duvessa misses you.
You hit Duvessa.
Duvessa is heavily wounded.
Duvessa hits you with a glowing elven short sword!
You are electrocuted!
You hit Duvessa but do no damage.
Duvessa is heavily wounded.
Duvessa hits you but does no damage.
You are electrocuted!
* * * LOW HITPOINT WARNING * * *
Dowan casts a spell.
Dowan blinks!
Duvessa hits you with an elven short sword of electrocution!
* * * LOW HITPOINT WARNING * * *
Casting: Shroud of Golubria
Confirm with . or Enter, or press ? or * to list all spells.
You blink.
You feel better.
Duvessa hits you with an elven short sword of electrocution!
You die...

#########################
.........e...............
.##.....@###########.....
#......# #..... #......#
#..... #......# ####.....
......... .........
##.##... ......... #.
#... ###..... #....
##.### ... #######.###


You could see Duvessa.

Vanquished Creatures
  A sky beast (D:5)
  2 phantoms
  Blork the orc (D:5)
  A crimson imp (D:5)
  3 orc priests
  A jelly (D:5)
  4 orc wizards
  2 worker ants (D:5)
  6 adders
  2 worms
  An adder zombie (D:5)
  A giant eyeball (D:5)
  3 giant geckos
  An ooze (D:1)
  17 orcs
  3 ball pythons
  6 hobgoblins
  6 kobolds
  8 bats
  4 giant cockroaches
  3 giant newts
  A giant newt skeleton (D:4)
  4 goblins
  A hobgoblin skeleton (D:4)
  A kobold skeleton (D:4)
  An orc zombie (D:5)
  4 quokkas
  11 rats
99 creatures vanquished.

Notes
Turn   | Place    | Note
--------------------------------------------------------------
     0 | D:1      | HollowCharge, the Draconian Warper, began the quest for the Orb.
     0 | D:1      | Reached XP level 1. HP: 17/17 MP: 3/3
   422 | D:1      | Reached XP level 2. HP: 25/25 MP: 4/4
   891 | D:1      | Learned a level 2 spell: Blink
  1260 | D:2      | Reached XP level 3. HP: 30/30 MP: 6/6
  1492 | D:2      | Learned a level 2 spell: Shroud of Golubria
  1996 | D:3      | Reached XP level 4. HP: 35/38 MP: 7/7
  2952 | D:4      | Got a jewelled short sword
  2953 | D:4      | Identified the +7,+8 short sword of Mandamus {venom, rPois Str+4} (You found it on level 4 of the Dungeon)
  3217 | D:4      | Noticed a phantom
  3277 | D:4      | Killed a phantom
  3277 | D:4      | Reached skill level 4 in Fighting
  3277 | D:4      | Reached XP level 5. HP: 13/46 MP: 9/9
  3726 | D:4      | Learned a level 2 spell: Portal Projectile
  3933 | D:4      | Found a deep blue altar of Sif Muna.
  4002 | D:4      | Reached XP level 6. HP: 41/53 MP: 10/10
  4042 | D:5      | Entered Level 5 of the Dungeon
  4187 | D:5      | Paralysed by a giant eyeball for 4 turns
  4223 | D:6      | Found a staircase to the Ecumenical Temple.
  4229 | Temple   | Entered the Ecumenical Temple
  4400 | Temple   | Became a worshipper of the Shining One
  5042 | D:5      | Reached skill level 5 in Fighting
  5668 | D:5      | Reached skill level 5 in Long Blades
  5668 | D:5      | Your scales start taking on a fiery red colour.
  5668 | D:5      | Gained mutation: Your flesh is heat resistant. [draconian maturity]
  5668 | D:5      | Reached XP level 7. HP: 41/61 MP: 12/12
  5859 | D:5      | Found an ancient bone altar of Kikubaaqudgha.
  5931 | D:5      | Noticed Blork the orc
  5935 | D:5      | Killed Blork the orc
  5969 | D:5      | Reached skill level 6 in Fighting
  6333 | D:6      | Noticed Duvessa
  6339 | D:6      | Noticed Dowan
  6342 | D:6      | HP: 3/63 [Duvessa/elven short sword of electrocution (9)]
  6344 | D:6      | Slain by Duvessa

Action                   |  1- 3 |  4- 6 |  7- 9 || total
-------------------------+-------+-------+-------++-------
Melee: Falchion          |   158 |   157 |    46 ||   361
       Short sword       |       |    23 |       ||    23
 Cast: Blink             |       |     4 |     1 ||     5
       Shroud of Golubri |       |     2 |       ||     2
 Abil: Breathe Fire      |       |       |     3 ||     3
  Use: Scroll            |       |    15 |       ||    15
       Potion            |       |       |     1 ||     1
